cohdb
Replays
Latest Replays
All Replays
Popular Replays
Top Player Replays
Match Explorer
How It Works
Community
CoH3 Stats
Reddit
Sign in to upload your games and track your stats! →
Sign in with Steam
Sptimum4
Match 16535111
Overview
Messages
Build Orders
End
Royal Engineer Section
Construct Section Command Post
Selects Air and Sea Battlegroup
Infantry Section
Infantry Section
Infantry Section
Selects Supply Surplus
Construct Resource Cache
Construct Field Infirmary
Construct Platoon Command Post
Unlock M3 Stuart Light Tanks
M3 Stuart Light Tank
Selects Commando Section Paradrop
Grenade Package
Infantry Training
Selects M1 Pack Howitzer Paradrop
Construct Resource Cache
Construct Resource Cache
Construct Company Command Post
Foot Guards Section
Matilda II Heavy Tank
Foot Guards Section
Septimum
bunkerbuster
Haxses
ST Hélios | No Game No Life
0
0
Comments
sign in to comment!
No comments posted yet!